 Dungeon Crawl Stone Soup version 0.25.1-3-ge44b62a0b3 (webtiles) character file.

Game seed: 12589692107966844376

140 Mrkan the Chopper (level 5, -1/47 HPs)
             Began as a Hill Orc Fighter on Nov 22, 2020.
             Slain by a phantom (6 damage)
             ... on level 3 of the Dungeon.
             The game lasted 00:03:05 (3326 turns).

Mrkan the Chopper (Hill Orc Fighter)                Turns: 3326, Time: 00:03:06

Health: -1/47      AC:  7    Str: 20    XL:     5   Next: 23%
Magic:  5/5        EV:  7    Int:  8    God:
Gold:   127        SH:  9    Dex: 10    Spells: 4/4 levels left

rFire    . . .     SeeInvis .   a - +0 war axe
rCold    . . .     Gourm    .   c - +0 kite shield
rNeg     . . .     Faith    .   b - +0 scale mail
rPois    .         Spirit   .   (no helmet)
rElec    .         Reflect  .   (no cloak)
rCorr    .         Harm     .   (no gloves)
MR       .....                  (no boots)
Stlth    ..........             (no amulet)
HPRegen  0.15/turn              (no ring)
MPRegen  0.09/turn              (no ring)

@: no status effects
A: no striking features
a: no special abilities


You were on level 3 of the Dungeon.
You were not hungry.

You visited 1 branch of the dungeon, and saw 3 of its levels.

You collected 127 gold pieces.

Inventory:

Hand Weapons
 a - a +0 war axe (weapon)
Armour
 b - a +0 scale mail (worn)
 c - a +0 kite shield (worn)
Jewellery
 r - an uncursed ring of protection from cold {unknown}
 s - an uncursed amulet of regeneration {unknown}
Wands
 p - a wand of random effects (20)
Scrolls
 e - 8 scrolls of identify {unknown}
 g - a scroll of enchant armour {unknown}
 i - 2 scrolls of noise {unknown}
 k - a scroll of teleportation {unknown}
 t - a scroll of amnesia {unknown}
Potions
 d - a potion of might
 h - a potion of lignification {unknown}
 j - a potion of degeneration {unknown}
 l - a potion of stabbing {unknown}
 m - a potion of invisibility {unknown}
 n - 2 potions of heal wounds {unknown}
 o - a potion of flight {unknown}
 q - 4 potions of curing {unknown}
Comestibles
 f - 5 rations


   Skills:
 + Level 4.5 Fighting
 * Level 4.8 Axes
 + Level 4.0 Armour
 + Level 4.1 Shields


You had 4 spell levels left.
You didn't know any spells.
Your spell library was empty.

Dungeon Overview and Level Annotations

Branches:
Dungeon (3/15)

Altars:
Wu Jian
Xom

Annotations:
D:3 3 runed translucent doors, gareth1b's ghost, amateur GnFi


Message History

The phantom blinks!
The phantom blinks!
You block the phantom's attack.
Okay, then.
You hit the phantom.
The phantom is almost destroyed.
You block the phantom's attack.
Your shield and scale mail prevent you from hitting the phantom.
The phantom is almost destroyed.
You block the phantom's attack.
The phantom blinks!
You hit the phantom but do no damage.
The phantom is almost destroyed.
The phantom barely misses you.
Your shield and scale mail prevent you from hitting the phantom.
The phantom is almost destroyed.
The phantom closely misses you.
Your shield prevents you from hitting the phantom.
The phantom is almost destroyed.
The phantom hits you.
You die...

..# #.# #.# #.# ### #.#
##.###.# ##
####...##.########...##
+....W@................
####...##.########...##
##.###.# ## #####.#
#....# #+# #.#### #.#
#.# #.# #.#
##.##########.#


You could see a phantom.

Vanquished Creatures
  A hound (D:2)
  4 adders
  An adder skeleton (D:3)
  A worm (D:3)
  3 dart slugs (D:2)
  2 leopard geckos (D:3)
  2 orcs (D:3)
  A ball python (D:1)
  3 giant cockroaches
  9 hobgoblins
  5 jackals
  5 bats
  A frilled lizard (D:1)
  4 goblins
  9 kobolds
  7 rats
58 creatures vanquished.

Vanquished Creatures (others)
  A kobold (D:3)
1 creature vanquished.

Grand Total: 59 creatures vanquished

Notes
Turn   | Place    | Note
-------+----------+-------------------------------------------
     0 | D:1      | Mrkan the Hill Orc Fighter began the quest for the Orb.
     0 | D:1      | Reached XP level 1. HP: 19/19 MP: 1/1
   272 | D:1      | Reached XP level 2. HP: 17/27 MP: 2/2
   770 | D:1      | Reached XP level 3. HP: 33/33 MP: 3/3
  1235 | D:2      | Found a shimmering altar of Xom.
  1660 | D:2      | Reached XP level 4. HP: 24/40 MP: 4/4
  2416 | D:2      | Found an ornate altar of the Wu Jian Council.
  2757 | D:3      | Noticed gareth1b's ghost (amateur GnFi)
  2868 | D:3      | Reached XP level 5. HP: 47/47 MP: 5/5
  2997 | D:3      | Found a runed translucent gate.
  2997 | D:3      | Found a runed translucent gate.
  2998 | D:3      | Found a runed translucent gate.
  3236 | D:3      | Noticed a phantom
  3326 | D:3      | Slain by a phantom

Illustrated notes

Levels and vault maps discovered:
D:1:      mushboom_english_gardens, layout_basic, minmay_close_crescents
D:2:      layout_loops_corners, lemuel_coloured_pillars_altar, xom_butterflies
D:3:      layout_loops_corners, first_ration, gammafunk_ghost_split

Skill      XL: |  1  2  3  4 |
---------------+-------------+-----
Axes           | 3 4 |  4.8
Fighting       | 4 |  4.5
Shields        | 4 |  4.1
Armour         | 4 |  4.0

Action                   |  1- 3 |  4- 6 || total
-------------------------+-------+-------++-------
Melee: War axe           |    99 |   153 ||   252
  Eat: Chunk             |     2 |     6 ||     8
Armor: Scale mail        |    53 |    76 ||   129
Dodge: Dodged            |    32 |    51 ||    83
Block: Kite shield       |    64 |    76 ||   140
